 Dungeon Crawl Stone Soup version 0.26-a0-812-g31a745ddcd (webtiles) character file.

Game seed: 7111018672525832195

164 grindst0ne the Sneak (level 5, -2/24 HPs)
             Began as a Spriggan Enchanter on Nov 26, 2020.
             Slain by an ogre
             ... wielding a +0 giant spiked club
              (26 damage)
             ... on level 4 of the Dungeon.
             The game lasted 00:06:14 (4869 turns).

grindst0ne the Sneak (Spriggan Enchanter)           Turns: 4869, Time: 00:06:15

Health: -2/24      AC:  3    Str:  4    XL:     5   Next: 21%
Magic:  6/10       EV: 19    Int: 17    God:
Gold:   151        SH:  0    Dex: 17    Spells: 4/9 levels left

rFire    + . .     SeeInvis +   a - +1 dagger
rCold    . . .     Faith    .   (shield restricted)
rNeg     . . .     Spirit   .   c - +1 robe {rF+}
rPois    .         Reflect  .   (helmet restricted)
rElec    .         Harm     .   (no cloak)
rCorr    .         Rampage  .   (gloves unavailable)
MR       .....                  (boots unavailable)
Stlth    ++++......             (no amulet)
HPRegen  0.08/turn              o - -4 ring of evasion (curse)
MPRegen  0.12/turn              m - +4 ring of evasion

@: very quick
A: very small, unfitting armour, see invisible, speed 3
a: no special abilities


You were on level 4 of the Dungeon.
You visited 1 branch of the dungeon, and saw 4 of its levels.

You collected 151 gold pieces.

Inventory:

Hand Weapons
 a - a +1 dagger (weapon)
Armour
 b - a +0 robe
 c - a +1 robe of fire resistance (worn)
 l - a +0 buckler
Jewellery
 g - an uncursed ring of resist corrosion {unknown}
 j - an uncursed ring of protection from magic
 m - a +4 ring of evasion (right hand)
 o - a cursed -4 ring of evasion (left hand)
Scrolls
 d - a scroll of teleportation
 e - 2 scrolls of amnesia
 i - a scroll of enchant armour
Potions
 f - a potion of brilliance {unknown}
 h - 3 potions of lignification {unknown}
 k - a potion of curing {unknown}
 n - a potion of heal wounds {unknown}
 p - a potion of flight {unknown}
 q - a potion of cancellation {unknown}


   Skills:
 - Level 1.1 Short Blades
 + Level 3.7 Dodging
 + Level 7.0 Stealth
 - Level 2.6 Spellcasting
 + Level 5.5 Hexes


You had 4 spell levels left.
You knew the following spells:

 Your Spells              Type           Power        Failure   Level
b - Ensorcelled Hibernat  Hex/Ice        ##....       9%          2
c - Confusing Touch       Hex            ###.....     5%          3

Your spell library contained the following spells:

 Spells                   Type           Power        Failure   Level
 Corona                   Hex            ###....      1%          1
 Tukima's Dance           Hex            ###.....     5%          3
 Dazzling Flash           Conj/Hex       ##....       17%         3


Dungeon Overview and Level Annotations

Branches:
Dungeon (4/15)
 Temple: D:4-7

Altars:

Annotations:
D:3 exclusion: downstairs


Innate Abilities, Weirdness & Mutations

You are very small and have problems with some larger weapons.
You are too small for most types of armour.
You have supernaturally acute eyesight. (SInv)
You cover ground extremely quickly.


Message History

The gnoll looks drowsy...
The helpless gnoll fails to defend itself.
You impale the gnoll!!
You kill the gnoll!
Your Stealth skill increases to level 7!
An ogre is nearby!
The ogre shouts!
Casting: Ensorcelled Hibernation (safe; 9% risk of failure)
Confirm with . or Enter, or press ? or * to list all spells.
Aiming: Ensorcelled Hibernation (safe; 9% risk of failure)
Press: ? - help, Shift-Dir - straight line, f - ogre
Aim: an ogre, wielding a +0 giant spiked club (chance to defeat MR: 42%)
The ogre looks drowsy...
The helpless ogre fails to defend itself.
You impale the ogre!!
The ogre is almost dead.
The orc shouts!
The ogre hits you with a +0 giant spiked club!!
Ouch! That really hurt!
You die...

####......####.#.####....
#...........#.####..#
#.....#####.#.#.....#
#.....#######.#.##..###.
####....(.......<...#.....
...............##.#.#..####
..........................###
..............)..............
..............).@O..รท.....####
..........................#...
..........................'...
?.........................#......
............).............#....?.
..............(...........# .....
......................o...# ....
..........................# #...
..........................####...


You could see an ogre and an orc.

Vanquished Creatures
  An iguana (D:4)
  A gnoll (D:4)
  5 adders
  4 worms
  2 dart slugs (D:2)
  4 leopard geckos
  3 orcs (D:4)
  3 ball pythons
  6 bats
  3 giant cockroaches
  2 goblins (D:1)
  9 hobgoblins
  3 jackals (D:1)
  2 quokkas
  2 frilled lizards (D:1)
  4 kobolds
  10 rats
64 creatures vanquished.

Notes
Turn   | Place    | Note
-------+----------+-------------------------------------------
     0 | D:1      | grindst0ne the Spriggan Enchanter began the quest for the
                  | Orb.
     0 | D:1      | Reached XP level 1. HP: 9/9 MP: 5/5
   194 | D:1      | Reached XP level 2. HP: 13/13 MP: 6/6
   206 | D:1      | Learned a level 2 spell: Ensorcelled Hibernation
   294 | D:1      | Reached skill level 5 in Stealth
  1328 | D:1      | Reached XP level 3. HP: 16/16 MP: 8/8
  1775 | D:2      | Reached skill level 6 in Stealth
  1985 | D:2      | Reached XP level 4. HP: 9/21 MP: 1/9
  2223 | D:2      | Reached skill level 5 in Hexes
  3129 | D:3      | Learned a level 3 spell: Confusing Touch
  4415 | D:4      | Noticed an ogre
  4454 | D:4      | Reached XP level 5. HP: 24/24 MP: 0/10
  4862 | D:4      | Reached skill level 7 in Stealth
  4869 | D:4      | Slain by an ogre

Illustrated notes

Levels and vault maps discovered:
D:1:      dpeg_arrival_rhombi, layout_basic
D:2:      layout_loops_cross
D:3:      layout_loops_ring
D:4:      layout_basic

Skill      XL: |  1  2  3  4  5 |
---------------+----------------+-----
Hexes          | 4 5 |  5.5
Stealth        | 5 6 7 |  7.0
Short Blades   | |  1.1
Dodging        | |  3.7
Spellcasting   | |  2.6

Action                   |  1- 3 |  4- 6 || total
-------------------------+-------+-------++-------
Melee: Dagger            |   128 |    82 ||   210
 Cast: Corona            |     8 |       ||     8
       Ensorcelled Hiber |    21 |    27 ||    48
  Use: Scroll            |       |     3 ||     3
 Stab: Sleeping          |    21 |    19 ||    40
Armor: Robe              |    19 |     9 ||    28
Dodge: Dodged            |   139 |    61 ||   200

Table legend: (Time is in decaauts)
 A = Elapsed time spent in this place.
 B = Non-inter-level travel time spent in this place.
 C = Inter-level travel time spent in this place.
 D = Time resting spent in this place.
 E = Time spent auto-exploring this place.
 F = Levels seen in this place.
 G = Mean time per level.
                   A        B        C        D        E       F      G
               +--------+--------+--------+--------+--------+-----+--------+
         Total |   3917 |   3770 |    147 |   1229 |   1830 |   4 |  979.2 |
       Dungeon |   3917 |   3770 |    147 |   1229 |   1830 |   4 |  979.2 |
               +--------+--------+--------+--------+--------+-----+--------+

Top non-repeatable levels by time:
     D:3: 1382 daAuts
     D:1: 1328 daAuts
     D:2: 924 daAuts
     D:4: 282 daAuts
